 Dungeon Crawl Stone Soup version 0.17-a0-2014-g32cd421 (webtiles) character file.

26 hexophile the Ducker (level 2, -2/16 HPs)
             Began as a Spriggan Chaos Knight on Oct 9, 2015.
             Slain by a red ugly thing (4 damage)
             ... on level 1 of the Dungeon.
             The game lasted 00:02:08 (7248 turns).

hexophile the Ducker (Spriggan Chaos Knight)        Turns: 7248, Time: 00:02:09

Health: -2/16      AC:  6    Str:  8    XL:     2   Next: 89%
Magic:  3/3        EV: 18    Int: 13    God:    Xom [...*..]
Gold:   29         SH:  0    Dex: 15    Spells: 0 memorised, 1 level left

rFire  . . .     SeeInvis +     a - +0 spear (chaos)
rCold  . . .     Clarity  .     b - +2 robe
rNeg   . . .     SustAt   .     (shield restricted)
rPois  .         Gourm    .     (helmet restricted)
rElec  .         Spirit   .     (no cloak)
rCorr  .         Warding  .     (gloves unavailable)
rMut   .         Stasis   .     (boots unavailable)
MR     .....                    (no amulet)
Stlth  +.........               (no ring)
                                (no ring)

@: very quick, not resistant to hostile enchantments, very unstealthy
A: unfitting armour, thin metallic scales 1, see invisible, herbivore 3, speed
3, slow metabolism 2
a: Renounce Religion


You were on level 1 of the Dungeon.
You worshipped Xom.
You were a favourite toy of Xom.
You were not hungry.

You visited 1 branch of the dungeon, and saw 1 of its levels.

You collected 29 gold pieces.


Innate Abilities, Weirdness & Mutations

You are tiny and cannot use many weapons and most armour.
You have supernaturally acute eyesight.
You are a herbivore.
You cover ground extremely quickly.
You need consume almost no food.
You are partially covered in thin metallic scales (AC +2).

Inventory:

Hand Weapons
 a - a +0 spear of chaos (weapon)
Armour
 b - a +2 robe (worn)
Jewellery
 f - an uncursed ring of protection from cold {unknown}
Scrolls
 e - a scroll of amnesia {unknown}
 g - 2 scrolls of fear {unknown}
 h - a scroll of identify {unknown}
 i - 2 scrolls of enchant weapon {unknown}
 j - a scroll of enchant armour {unknown}
 l - a scroll of remove curse {unknown}
Potions
 d - 2 potions of heal wounds {unknown}
 k - a potion of curing {unknown}
Comestibles
 c - a bread ration


You had one spell level left.
You didn't know any spells.


   Skills:
 - Level 2.4 Fighting
 + Level 3.1 Polearms
 - Level 3.5 Dodging

Dungeon Overview and Level Annotations

Branches:
Dungeon (1/15)

Altars:

Vault maps used:
D:1:      dpeg_arrival_fog
You       could see a red ugly thing.


Message History

You reach to attack!
You hit the red ugly thing.
The red ugly thing looks even sicker.
The red ugly thing is lightly wounded.
The red ugly thing looks more energetic.
Attack whom?
Press: ? - help, Dir - move target cursor, f/p - red ugly thing
Aim: a red ugly thing (lightly wounded, poisoned, petrified)
You reach to attack!
The helpless red ugly thing fails to defend itself.
You hit the red ugly thing but do no damage.
The red ugly thing is lightly wounded.
Attack whom?
Press: ? - help, Dir - move target cursor, f/p - red ugly thing
Aim: a red ugly thing (lightly wounded, poisoned, petrified)
You reach to attack!
You hit the red ugly thing but do no damage.
The red ugly thing is lightly wounded.
Attack whom?
Press: ? - help, Dir - move target cursor, f/p - red ugly thing
Aim: a red ugly thing (lightly wounded, poisoned, petrified)
You reach to attack!
You hit the red ugly thing but do no damage.
The red ugly thing is lightly wounded.
Attack whom?
Press: ? - help, Dir - move target cursor, f/p - red ugly thing
Aim: a red ugly thing (lightly wounded, poisoned, petrified)
You reach to attack!
You hit the red ugly thing but do no damage.
The red ugly thing is lightly wounded.
Attack whom?
Press: ? - help, Dir - move target cursor, f/p - red ugly thing
Aim: a red ugly thing (lightly wounded, poisoned, petrified)
You reach to attack!
You hit the red ugly thing.
There is a sudden explosion of sparks!
The red ugly thing is moderately wounded.
Attack whom?
Press: ? - help, Dir - move target cursor, f/p - red ugly thing
Aim: a red ugly thing (moderately wounded, poisoned, petrified)
You reach to attack!
You hit the red ugly thing.
Space warps horribly around the red ugly thing!
The red ugly thing is moderately wounded.
The red ugly thing is no longer petrified.
Attack whom?
Press: ? - help, Dir - move target cursor, f/p - red ugly thing
Aim: a red ugly thing (moderately wounded, poisoned)
You closely miss the red ugly thing.
The red ugly thing is moderately wounded.
The red ugly thing trunk-slaps you.
You die...
Xom is highly amused!

Action                   || total
-------------------------++-------
Melee: Spear             ||    74
 Stab: Petrified         ||     2
       Sleeping          ||     1
  Eat: Bread ration      ||     1

Notes
Turn   | Place    | Note
--------------------------------------------------------------
     0 | D:1      | hexophile the Spriggan Chaos Knight began the quest for the Orb.
     0 | D:1      | Reached XP level 1. HP: 11/11 MP: 2/2
    29 | D:1      | XOM: divination: detect creatures
   567 | D:1      | XOM: divination: magic mapping
   728 | D:1      | XOM: silly message
   844 | D:1      | Reached XP level 2. HP: 8/16 MP: 3/3
  1225 | D:1      | XOM: harmless Trmt miscast
  1496 | D:1      | XOM: mild Erth miscast
  1608 | D:1      | XOM: noise
  1654 | D:1      | XOM: torment (9/16 hp)
  1769 | D:1      | XOM is BORED!
  1769 | D:1      | XOM: medium Trmt miscast
  2417 | D:1      | XOM: silly message
  2673 | D:1      | XOM is BORED!
  2673 | D:1      | XOM: mild Hex miscast
  3802 | D:1      | XOM: colour smoke trail
  3918 | D:1      | XOM: divination: detect creatures
  3924 | D:1      | XOM: silly message
  4346 | D:1      | XOM: mild Erth miscast
  4835 | D:1      | XOM: silly message
  4876 | D:1      | XOM is BORED!
  4876 | D:1      | XOM: silly message
  5253 | D:1      | XOM: harmless Hex miscast
  5324 | D:1      | XOM is BORED!
  5324 | D:1      | XOM: give mutations
  5324 | D:1      | Gained mutation: You are partially covered in thin metallic scales (AC +2). [Xom's mischief]
  5324 | D:1      | Gained mutation: You are weak. (Str -2) [Xom's mischief]
  5324 | D:1      | Lost mutation: You are weak. (Str -2) [Xom's mischief]
  5512 | D:1      | XOM: harmless Divn miscast
  5928 | D:1      | XOM: cast spell 'Beastly Appendage'
  5939 | D:1      | XOM: harmless Summ miscast
  6202 | D:1      | XOM: harmless Necr miscast
  7188 | D:1      | Noticed a red ugly thing
  7193 | D:1      | XOM: summons friendly white imp
  7234 | D:1      | XOM: enchant monster (good)
  7248 | D:1      | Slain by a red ugly thing

Table legend:
 A = Turns spent in this place as a percentage of turns spent in the entire game.
 B = Non-inter-level travel turns spent in this place as a percentage of non-inter-level travel turns spent in the entire game.
 C = Inter-level travel turns spent in this place as a percentage of turns spent in this place.
 D = Turns resting spent in this place as a percentage of non-inter-level travel turns spent in this place.
 E = Turns spent auto-exploring this place as a percentage of non-inter-level travel turns spent in this place.
 F = Non-inter-level travel turns spent in this place divided by the number of levels of this place that you've seen.
                   A       B       C       D       E      F
               +-------+-------+-------+-------+-------+----------------------
         Total | 100.0 | 100.0 |   0.0 |  21.8 |  10.6 | 482.0
       Dungeon | 100.0 | 100.0 |   0.0 |  21.8 |  10.6 | 482.0
               +-------+-------+-------+-------+-------+----------------------

Table legend:
 A = Kills in this place as a percentage of kills in entire the game.
 B = Kills by you in this place as a percentage of kills by you in the entire game.
 C = Kills by friends in this place as a percentage of kills by friends in the entire game.
 D = Other kills in this place as a percentage of other kills in the entire game.
 E = Experience gained in this place as a percentage of experience gained in the entire game.
 F = Experience gained in this place divided by the number of levels of this place that you have seen.
                   A       B       C       D       E      F
               +-------+-------+-------+-------+-------+----------------------
         Total | 100.0 | 100.0 |  -nan |  -nan | 100.0 |  38.0
       Dungeon | 100.0 | 100.0 |  -nan |  -nan | 100.0 |  38.0
               +-------+-------+-------+-------+-------+----------------------

Vanquished Creatures
  3 giant geckos (D:1)
  6 goblins (D:1)
  2 hobgoblins (D:1)
  2 bats (D:1)
  A giant newt (D:1)
  6 kobolds (D:1)
  2 rats (D:1)
22 creatures vanquished.
